[Event "ICC Open 2015"]
[Site "Internet Chess Club"]
[Date "2015.05.30"]
[Round "10"]
[White "totus"]
[Black "RaiseTheCurve"]
[Result "1-0"]
[ICCResult "Black resigns"]
[WhiteElo "2339"]
[BlackElo "1935"]
[Opening "Alekhine's defense: exchange variation"]
[ECO "B02"]
[NIC "AL.08"]
[Time "16:01:51"]
[TimeControl "180+0"]

1. e4 Nf6 2. e5 Nd5 3. c4 Nb6 4. d4 d6 5. exd6 exd6 6. Nc3 Be7 7. h3 Nc6 8.
Nf3 Bf6 9. Be2 O-O 10. O-O Re8 11. Bf4 Bf5 12. Rc1 d5 13. c5 Nc4 14. b3 N4a5
15. Qd2 Qd7 16. Rfe1 b6 17. Na4 Be4 18. Be3 g6 19. Nh2 Rad8 20. Nf1 Qf5 21.
Ng3 Qe6 22. Bb5 Re7 23. Qc3 Bh4 24. cxb6 Bxg3 25. Bxc6 Nxc6 26. Qxc6 Qxc6
27. Rxc6 Bd6 28. Bg5 Ree8 29. Bxd8 Rxd8 30. bxc7 Bxc7 31. Rxc7 a5 32. Nc5
Bd3 33. Nxd3 {Black resigns} 1-0

[Event "ICC Open 2015"]
[Site "Internet Chess Club"]
[Date "2015.05.30"]
[Round "10"]
[White "JAscorpio"]
[Black "Palenque"]
[Result "0-1"]
[ICCResult "White checkmated"]
[WhiteElo "1214"]
[BlackElo "1660"]
[Opening "Queen's Pawn"]
[ECO "A41"]
[NIC "QO.17"]
[Time "16:01:33"]
[TimeControl "180+0"]

1. d4 d6 2. Bf4 Nd7 3. e3 e5 4. h3 exf4 5. exf4 Ngf6 6. Bd3 Be7 7. Qf3 d5 8.
Nd2 Bd6 9. a3 O-O 10. O-O-O c5 11. Ne2 cxd4 12. Nxd4 Nc5 13. g4 Nxd3+ 14.
Qxd3 Bxf4 15. Rdg1 Bxd2+ 16. Qxd2 Ne4 17. Qe3 Re8 18. Qf4 Qg5 19. Qxg5 Nxg5
20. f4 Ne6 21. f5 Nxd4 22. h4 Bd7 23. g5 g6 24. fxg6 fxg6 25. h5 Bf5 26.
hxg6 Bxg6 27. Rd1 Re4 28. Rh3 Rc8 29. c3 Ne2+ 30. Kd2 Nf4 31. Rf3 Re2+ 32.
Kc1 Rc2+ 33. Kb1 Rf2+ 34. Rdd3 Rxf3 35. Ka2 Bxd3 36. Kb3 Bc4+ 37. Kb4 b6 38.
a4 a5+ 39. Ka3 Ne2 40. b3 Rxc3 41. Kb2 Rxb3+ 42. Kc2 Nd4+ 43. Kd2 Rf8 44.
Ke1 Rff3 45. g6 Rb2 46. gxh7+ Kxh7 47. Kd1 Rf1# {White checkmated} 0-1

[Event "ICC Open 2015"]
[Site "Internet Chess Club"]
[Date "2015.05.30"]
[Round "10"]
[White "Satyricon"]
[Black "Favarin"]
[Result "0-1"]
[ICCResult "White resigns"]
[WhiteElo "2217"]
[BlackElo "1978"]
[Opening "King's Indian: fianchetto variation"]
[ECO "E62"]
[NIC "KI.76"]
[Time "16:01:29"]
[TimeControl "180+0"]

1. d4 Nf6 2. c4 g6 3. Nc3 Bg7 4. Nf3 d6 5. g3 O-O 6. Bg2 Na6 7. O-O c5 8. d5
Nc7 9. a4 b6 10. Re1 Nh5 11. Rb1 Na6 12. e4 Nb4 13. e5 Bf5 14. exd6 exd6 15.
Bg5 f6 16. Bd2 Bxb1 17. Qxb1 f5 18. Ng5 Re8 19. Ne6 Qd7 20. Nb5 Na6 21. Bf3
Nf6 22. Bf4 Bf8 23. Nxf8 Rxe1+ 24. Qxe1 Rxf8 25. Nxd6 Nb4 26. Qe3 Nc2 27.
Qd2 Nd4 28. Bd1 Ne4 29. Qe3 Nxd6 30. Qe4 Nxe4 {White resigns} 0-1

[Event "ICC Open 2015"]
[Site "Internet Chess Club"]
[Date "2015.05.30"]
[Round "10"]
[White "legatus"]
[Black "Giantvin"]
[Result "1-0"]
[ICCResult "Black forfeits on time"]
[WhiteElo "2316"]
[BlackElo "1973"]
[Opening "Ruy Lopez: Cozio defense"]
[ECO "C60"]
[NIC "RL.04"]
[Time "16:00:58"]
[TimeControl "180+0"]

1. e4 e5 2. Nf3 Nc6 3. Bb5 Nge7 4. d4 exd4 5. O-O g6 6. Bg5 Bg7 7. c3 h6 8.
Bh4 dxc3 9. Nxc3 O-O 10. Qd2 g5 11. Bg3 d6 12. h3 Be6 13. Rfe1 Ne5 14. Nd4
Bd7 15. Bf1 Bc6 16. Rac1 Bd7 17. b4 a5 18. b5 b6 19. a4 Be6 20. f4 Nc4 21.
Qf2 gxf4 22. Bxf4 Ng6 23. Bg3 Nce5 24. Nf5 Bxf5 25. exf5 Qg5 26. fxg6 fxg6
27. Qe3 Qxe3+ 28. Rxe3 h5 29. Nd5 Bh6 30. Rxc7 Bxe3+ 31. Nxe3 Rac8 32. Rb7
{Black forfeits on time}
1-0

[Event "ICC Open 2015"]
[Site "Internet Chess Club"]
[Date "2015.05.30"]
[Round "10"]
[White "CapitalG"]
[Black "beaupre"]
[Result "1-0"]
[ICCResult "Black resigns"]
[WhiteElo "2717"]
[BlackElo "1828"]
[Opening "Sicilian: Smith-Morra gambit"]
[ECO "B21"]
[NIC "SI.48"]
[Time "16:01:30"]
[TimeControl "180+0"]

1. e4 c5 2. d4 cxd4 3. c3 dxc3 4. Nxc3 Nc6 5. Nf3 e6 6. Bc4 Bb4 7. O-O Bxc3
8. bxc3 Nge7 9. e5 O-O 10. Re1 b6 11. Ba3 Bb7 12. Qe2 Re8 13. Bd3 Nd5 14.
Qe4 g6 15. Rac1 Nce7 16. Qg4 Rc8 17. c4 Nc7 18. Ng5 h6 19. Be4 Bxe4 20. Nxe4
Kg7 21. Nd6 Nf5 22. Nxc8 Qxc8 23. Qf4 Qa6 24. Bd6 Rc8 25. c5 Nd5 26. Qe4
bxc5 27. Bxc5 Qxa2 28. Ra1 Qb3 29. Bxa7 Rc4 30. Qb1 Qd3 31. Qxd3 Rc3 32. Qd2
Rc4 33. Be3 Rg4 34. Ra7 Nh4 35. Kf1 Nxg2 36. Rxd7 Ndxe3+ 37. Rxe3 Nxe3+ 38.
Qxe3 Re4 39. Qxe4 {Black resigns} 1-0

[Event "ICC Open 2015"]
[Site "Internet Chess Club"]
[Date "2015.05.30"]
[Round "10"]
[White "moonriver"]
[Black "MichelRocard"]
[Result "0-1"]
[ICCResult "White checkmated"]
[WhiteElo "1483"]
[BlackElo "1944"]
[Opening "Queen's pawn: Torre attack"]
[ECO "A46"]
[NIC "QP.04"]
[Time "16:01:59"]
[TimeControl "180+0"]

1. d4 Nf6 2. Nf3 e6 3. Bg5 h6 4. Bh4 g6 5. Nbd2 Bg7 6. e3 d5 7. Bd3 a6 8. c3
Nc6 9. Qc2 Ne7 10. Ne5 Nf5 11. Bg3 Bd7 12. f3 Nxg3 13. hxg3 Qe7 14. Bxg6
fxg6 15. Nxg6 Qf7 16. Nxh8 Bxh8 17. O-O-O h5 18. e4 O-O-O 19. e5 Ng8 20. g4
Bg7 21. Rxh5 Qf4 22. Kb1 Be8 23. Rh7 Bh6 24. Nb3 Qg5 25. Nc5 Bg6 26. Rxh6
Bxc2+ 27. Kxc2 Qxh6 28. Kb3 a5 29. a4 b6 30. Nd3 Ne7 31. Nf2 Ng6 32. Re1 Qd2
33. Rh1 Qxf2 34. Rh6 Nf4 35. Rh7 Nd3 36. Re7 Qxb2# {White checkmated} 0-1

[Event "ICC Open 2015"]
[Site "Internet Chess Club"]
[Date "2015.05.30"]
[Round "10"]
[White "SurferRosa"]
[Black "gsvc"]
[Result "0-1"]
[ICCResult "White resigns"]
[WhiteElo "2315"]
[BlackElo "2671"]
[Opening "Sicilian: Najdorf, 7.f4"]
[ECO "B96"]
[NIC "SI.04"]
[Time "16:01:12"]
[TimeControl "180+0"]

1. e4 c5 2. Nf3 d6 3. d4 cxd4 4. Nxd4 Nf6 5. Nc3 a6 6. Bg5 e6 7. f4 h6 8.
Bh4 Qb6 9. Qd2 Qxb2 10. Rb1 Qa3 11. e5 dxe5 12. fxe5 Nd5 13. Nxd5 exd5 14.
e6 Bxe6 15. Nxe6 fxe6 16. Rxb7 Nc6 17. Bd3 g5 18. Bg6+ Kd8 19. O-O gxh4 20.
Rff7 Ne5 21. Rfc7 Nxg6 22. Rd7+ Ke8 23. Qd1 h3 24. Qg4 Qe3+ 25. Kf1 Qc1+ 26.
Ke2 Nf4+ 27. Kf3 Qd1+ 28. Kxf4 Qxg4+ 29. Kxg4 hxg2 {White resigns} 0-1

[Event "ICC Open 2015"]
[Site "Internet Chess Club"]
[Date "2015.05.30"]
[Round "10"]
[White "Ancient"]
[Black "regenmaker"]
[Result "1-0"]
[ICCResult "Black checkmated"]
[WhiteElo "2131"]
[BlackElo "1887"]
[Opening "Caro-Kann: exchange variation"]
[ECO "B13"]
[NIC "CK.02"]
[Time "16:00:53"]
[TimeControl "180+0"]

1. e4 c6 2. d4 d5 3. exd5 cxd5 4. Nf3 Bg4 5. Be2 e6 6. O-O Nc6 7. Nbd2 Nf6
8. c3 Be7 9. Re1 O-O 10. Nf1 Ne4 11. N3d2 Bxe2 12. Qxe2 Nxd2 13. Bxd2 Bf6
14. Qg4 g6 15. Re3 Bg7 16. Rae1 b5 17. a3 a5 18. Rh3 b4 19. Bh6 Bxh6 20.
Rxh6 Kg7 21. Rh3 bxc3 22. bxc3 f5 23. Qf4 g5 24. Qe3 Re8 25. f4 g4 26. Rh5
Kh8 27. h3 gxh3 28. Qxh3 Ra7 29. Nd2 Rg7 30. Nf3 Reg8 31. Ng5 Qe7 32. Rxe6
Qd7 33. Reh6 Nd8 34. Rxh7+ Rxh7 35. Rxh7+ Qxh7 36. Qxh7# {Black checkmated}
1-0

[Event "ICC Open 2015"]
[Site "Internet Chess Club"]
[Date "2015.05.30"]
[Round "10"]
[White "DMDIS"]
[Black "Mormegil"]
[Result "0-1"]
[ICCResult "White resigns"]
[WhiteElo "1861"]
[BlackElo "1716"]
[Opening "Caro-Kann: Panov-Botvinnik attack, 5...g6"]
[ECO "B14"]
[NIC "CK.03"]
[Time "16:02:21"]
[TimeControl "180+0"]

1. e4 c6 2. d4 d5 3. exd5 cxd5 4. c4 Nf6 5. Nc3 g6 6. cxd5 Bg7 7. Bc4 Nbd7
8. Nge2 Nb6 9. Bb3 Nbxd5 10. O-O O-O 11. h3 Bf5 12. Ng3 Rc8 13. Nxf5 gxf5
14. Nxd5 Nxd5 15. Qf3 e6 16. Rd1 Nf6 17. Bg5 Qb6 18. Qf4 Ne4 19. Be7 Bxd4
20. Rxd4 Qxd4 21. Rd1 Qg7 22. f3 Nc5 23. Bc4 Rfe8 24. Bh4 b6 25. b4 Na4 26.
Bb3 Nc3 27. Rd7 Ne2+ {White resigns} 0-1

[Event "ICC Open 2015"]
[Site "Internet Chess Club"]
[Date "2015.05.30"]
[Round "10"]
[White "VictorRed"]
[Black "BOBCATS"]
[Result "0-1"]
[ICCResult "White resigns"]
[WhiteElo "1818"]
[BlackElo "2030"]
[Opening "English opening"]
[ECO "A20"]
[NIC "EO.25"]
[Time "16:01:27"]
[TimeControl "180+0"]

1. c4 e5 2. e3 d6 3. Nc3 f5 4. d4 e4 5. Nge2 Nf6 6. b3 c6 7. Bb2 Bd7 8. Qc2
g5 9. O-O-O b5 10. cxb5 cxb5 11. Kb1 b4 12. Na4 Bxa4 13. bxa4 Nbd7 14. Ng3
Qa5 15. Bb5 Be7 16. Nxf5 d5 17. Nxe7 Kxe7 18. Qb3 a6 19. Bxd7 Nxd7 20. Rc1
Rhc8 21. Rxc8 Rxc8 22. Rc1 Rxc1+ 23. Bxc1 Qb6 24. Bd2 a5 25. a3 bxa3 26.
Qxb6 Nxb6 27. Bxa5 Nxa4 28. Bb4+ Ke6 29. Bxa3 Nc3+ 30. Kc2 Nb5 31. Bc5 Nc7
32. Kd2 h5 33. Ke2 Kf5 34. f3 Nb5 35. fxe4+ Kxe4 36. Bb4 Nc7 37. h3 Ne6 38.
Bd2 g4 39. h4 Ng7 40. Kf2 Nf5 41. g3 Nd6 42. Bb4 Nc4 43. Bc5 Nxe3 44. Bb6
Nd1+ 45. Ke2 Ne3 46. Ba7 Nf5 47. Kf2 Nxd4 48. Bb6 Ne6 49. Ke2 d4 50. Ba7 Nc7
51. Bb8 Nd5 52. Ba7 Ne3 53. Bb6 Nf5 54. Kf2 d3 55. Ba5 Nd4 56. Bd2 Nf3 57.
Bf4 Kd4 58. Bg5 Kc3 59. Bf4 Kc2 60. Ke3 d2 61. Ke2 d1=Q+ {White resigns} 0-1

[Event "ICC Open 2015"]
[Site "Internet Chess Club"]
[Date "2015.05.30"]
[Round "10"]
[White "Gibhor"]
[Black "Dark-Magician"]
[Result "0-1"]
[ICCResult "White resigns"]
[WhiteElo "1964"]
[BlackElo "2283"]
[Opening "Sicilian: Alapin's variation (2.c3)"]
[ECO "B22"]
[NIC "SI.46"]
[Time "16:02:01"]
[TimeControl "180+0"]

1. e4 c5 2. c3 Nf6 3. e5 Nd5 4. d4 Nc6 5. Nf3 cxd4 6. cxd4 d6 7. Bc4 Nb6 8.
Bb5 d5 9. Nc3 g6 10. Qb3 Bg7 11. a4 a5 12. Be3 O-O 13. O-O Bg4 14. Nd2 Nb4
15. h3 Bf5 16. Rac1 Rc8 17. Rfd1 Bd3 18. Nf1 Bc4 19. Bxc4 dxc4 20. Qa3 e6
21. Ne4 N6d5 22. Nd6 Rc7 23. Rxc4 Qxd6 24. exd6 Rxc4 25. Nd2 Rc6 26. Ne4
Rfc8 27. Bg5 f6 28. Be3 Bf8 29. Qb3 b6 30. Nc3 Bxd6 31. Nxd5 exd5 32. Bh6
Kf7 33. Re1 g5 34. Qf3 Kg6 35. Re6 Rc1+ {White resigns} 0-1

[Event "ICC Open 2015"]
[Site "Internet Chess Club"]
[Date "2015.05.30"]
[Round "10"]
[White "Knight83"]
[Black "El-Flippo"]
[Result "0-1"]
[ICCResult "White resigns"]
[WhiteElo "1239"]
[BlackElo "1412"]
[Opening "Sicilian: closed"]
[ECO "B23"]
[NIC "SI.44"]
[Time "16:01:03"]
[TimeControl "180+0"]

1. e4 c5 2. Nc3 e6 3. g3 a6 4. Bg2 d6 5. d3 Nf6 6. Nge2 Be7 7. O-O Nbd7 8.
f4 Qc7 9. Be3 Rb8 10. h3 b5 11. a3 Bb7 12. g4 O-O 13. Ng3 d5 14. exd5 Nxd5
15. Nxd5 Bxd5 16. Bxd5 exd5 17. Qf3 d4 18. Bd2 Rfe8 19. Rae1 Bf8 20. Rxe8
Rxe8 21. Rf2 c4 22. Re2 Rxe2 23. Qxe2 cxd3 24. Qxd3 Bc5 25. Ne4 Bb6 26. c3
dxc3+ 27. Be3 c2 28. Bxb6 Qxb6+ 29. Nf2 c1=Q+ 30. Kg2 Qbc6+ 31. Qe4 Qxe4+
32. Nxe4 Qc2+ 33. Kf3 Qd3+ 34. Kf2 Qxe4 35. Kf1 Nc5 {White resigns} 0-1

[Event "ICC Open 2015"]
[Site "Internet Chess Club"]
[Date "2015.05.30"]
[Round "10"]
[White "oviwan68"]
[Black "SvMihajlov"]
[Result "0-1"]
[ICCResult "White resigns"]
[WhiteElo "1993"]
[BlackElo "2317"]
[Opening "Sicilian: O'Kelly variation"]
[ECO "B28"]
[NIC "SI.43"]
[Time "16:01:38"]
[TimeControl "180+0"]

1. e4 c5 2. Nf3 a6 3. g3 e6 4. Bg2 Nc6 5. O-O d6 6. Re1 g6 7. c3 Bg7 8. d4
cxd4 9. Nxd4 Nxd4 10. cxd4 Ne7 11. Nc3 O-O 12. Bg5 h6 13. Be3 Rb8 14. Qd2
Kh7 15. a4 b5 16. axb5 axb5 17. b4 Bd7 18. Ra6 Rb6 19. Rxb6 Qxb6 20. d5 Qc7
21. Rc1 Qb8 22. dxe6 Bxe6 23. Bf1 Bc4 24. Bxc4 bxc4 25. Rb1 Nc6 26. b5 Ne5
27. Kg2 Nd3 28. b6 Qb7 29. Nd5 f5 30. f3 fxe4 31. fxe4 Re8 32. Nc3 Bxc3 33.
Qxc3 Qxe4+ 34. Kg1 Qxe3+ 35. Kg2 Nf4+ {White resigns} 0-1

[Event "ICC Open 2015"]
[Site "Internet Chess Club"]
[Date "2015.05.30"]
[Round "10"]
[White "descorcharov"]
[Black "IlValentino"]
[Result "1-0"]
[ICCResult "Black checkmated"]
[WhiteElo "2275"]
[BlackElo "1407"]
[Opening "Queen's Indian defense"]
[ECO "E12"]
[NIC "QP.06"]
[Time "16:02:20"]
[TimeControl "180+0"]

1. d4 Nf6 2. Nf3 b6 3. c4 Bb7 4. Nc3 e6 5. a3 Be7 6. Qc2 h6 7. e4 d6 8. Be2
Nbd7 9. Be3 c5 10. Rd1 Qc8 11. O-O O-O 12. b3 a6 13. Qd2 Rd8 14. Qc1 d5 15.
e5 Nh7 16. cxd5 exd5 17. Bxh6 cxd4 18. Rxd4 Bc5 19. Rg4 g6 20. e6 d4 21.
exf7+ Kxf7 22. Qf4+ Ndf6 23. Bc4+ Ke8 24. Re1+ Be7 25. Rxg6 dxc3 26. Be6 Qc6
27. Rg8+ Nf8 28. Bxf8 Bxf8 29. Qxf6 Qd6 30. Qf7# {Black checkmated} 1-0

[Event "ICC Open 2015"]
[Site "Internet Chess Club"]
[Date "2015.05.30"]
[Round "10"]
[White "putki"]
[Black "krankenstein"]
[Result "1-0"]
[ICCResult "Black forfeits on time"]
[WhiteElo "1357"]
[BlackElo "1135"]
[Opening "Scotch gambit"]
[ECO "C21"]
[NIC "KP.04"]
[Time "16:01:20"]
[TimeControl "180+0"]

1. e4 e5 2. d4 exd4 3. Bc4 Nc6 4. Nf3 h6 5. Nxd4 Ne5 6. Bb3 Bc5 7. O-O d6 8.
Nc3 Bg4 9. f3 Bxd4+ 10. Qxd4 c5 11. Qd5 Be6 12. Qxb7 Bxb3 13. Qxb3 Ne7 14.
Nd5 O-O 15. Bf4 Nxd5 16. Qxd5 Rb8 17. b3 Re8 18. Rad1 Rb6 19. Bg3 Qe7 20.
Rd2 a5 21. Rfd1 Kh8 22. Bxe5 dxe5 23. Qd7 Qxd7 24. Rxd7 Ree6 25. R1d5 f6 26.
Rxc5 Rbd6 27. Rd5 Rxd5 28. Rxd5 Rc6 29. c4 Ra6 30. Kf2 a4 31. b4 g5 32. Ke3
Kg7 33. Kd3 Kg6 34. c5 a3 35. Kc4 Re6 36. Kb5 f5 37. c6 fxe4 38. fxe4 Re8
39. Ka6 Ra8+ 40. Kb7 Ra4 41. Rb5 g4 42. c7 h5 43. c8=Q {Black forfeits on
time} 1-0

[Event "ICC Open 2015"]
[Site "Internet Chess Club"]
[Date "2015.05.30"]
[Round "10"]
[White "Rinazina46"]
[Black "Werewolf"]
[Result "0-1"]
[ICCResult "White checkmated"]
[WhiteElo "1938"]
[BlackElo "2182"]
[Opening "Giuoco Pianissimo"]
[ECO "C50"]
[NIC "IG.02"]
[Time "16:01:50"]
[TimeControl "180+0"]

1. e4 e5 2. Nf3 Nc6 3. Bc4 Bc5 4. d3 d6 5. c3 a6 6. Bb3 Nf6 7. Nbd2 Ba7 8.
O-O Qe7 9. Re1 Ng4 10. Rf1 Bd7 11. h3 Nf6 12. Re1 h6 13. Nf1 g5 14. N3h2 Nd8
15. Ng3 Ne6 16. Nf5 Qf8 17. d4 Nf4 18. Bxf4 gxf4 19. dxe5 dxe5 20. Qd2 O-O-O
21. Qe2 Bxf5 22. exf5 e4 23. Rad1 Qg7 24. Rxd8+ Rxd8 25. Rd1 Rg8 26. Ng4 f3
27. Qd2 Bb6 28. g3 Nxg4 29. hxg4 Qxg4 30. Kf1 Qh3+ 31. Ke1 Qh1#
{White checkmated}
0-1

[Event "ICC Open 2015"]
[Site "Internet Chess Club"]
[Date "2015.05.30"]
[Round "10"]
[White "VerdeNotte"]
[Black "UzbekTiger"]
[Result "1-0"]
[ICCResult "Black resigns"]
[WhiteElo "2903"]
[BlackElo "2825"]
[Opening "Benko's opening"]
[ECO "A00"]
[NIC "VO.09"]
[Time "16:00:54"]
[TimeControl "180+0"]

1. g3 g6 2. Bg2 Bg7 3. e4 c5 4. Ne2 Nc6 5. O-O e5 6. c3 Nge7 7. Na3 O-O 8.
d3 d5 9. Bg5 f6 10. exd5 Nxd5 11. Qb3 Ne7 12. Be3 b6 13. d4 Ba6 14. Rfe1
cxd4 15. cxd4 Kh8 16. dxe5 Nxe3 17. Qxe3 Nf5 18. Qe4 Rb8 19. Rad1 Qe8 20. e6
Bb7 21. Qc4 b5 22. Qb3 Bxg2 23. Kxg2 b4 24. Nb1 Qc6+ 25. Kg1 Rfe8 26. Nf4
Rbd8 27. Rxd8 Rxd8 28. e7 Re8 29. Qf7 Nd4 30. Nd2 Nf5 31. Nd5 Nh6 32. Qxe8+
Qxe8 33. Nc7 Qxe7 34. Rxe7 Bf8 35. Re8 Kg7 36. Ne6+ Kf7 37. Rxf8+ Kxe6 38.
Rh8 Nf5 39. Rxh7 Nd4 40. Rxa7 Ne2+ 41. Kf1 Nd4 42. Ra4 {Black resigns} 1-0

[Event "ICC Open 2015"]
[Site "Internet Chess Club"]
[Date "2015.05.30"]
[Round "10"]
[White "JOHEL"]
[Black "paulohaddad"]
[Result "1-0"]
[ICCResult "Black checkmated"]
[WhiteElo "1690"]
[BlackElo "1817"]
[Opening "Scotch gambit: Dubois-Réti defense"]
[ECO "C55"]
[NIC "KP.02"]
[Time "16:01:03"]
[TimeControl "180+0"]

1. e4 e5 2. Nf3 Nc6 3. d4 exd4 4. Bc4 Nf6 5. e5 d5 6. Bb5 Ne4 7. Nxd4 Bd7 8.
Bxc6 bxc6 9. O-O Be7 10. Nd2 Nxd2 11. Bxd2 c5 12. Nf3 O-O 13. Re1 Bg4 14. h3
Bh5 15. Bf4 Bg6 16. Bg3 Rb8 17. b3 d4 18. e6 fxe6 19. Rxe6 Bf6 20. Rc1 Bf5
21. Rc6 Rc8 22. Rxc5 Qe7 23. Rxf5 c5 24. Qe1 Qb7 25. Qe6+ Kh8 26. Re1 h6 27.
Ne5 Bxe5 28. Bxe5 Rce8 29. Qxh6+ Kg8 30. Rg5 Re7 31. Rd1 Ref7 32. Rd3 Re8
33. Rdg3 Ree7 34. Bf6 Rd7 35. Be5 Rde7 36. Rh5 Rf8 37. Qh7+ Kf7 38. Qxg7+
Ke8 39. Qg6+ Rff7 40. Rh8+ Kd7 41. Rh5 Qc6 42. Qg4+ Ke8 43. Rh8+ Rf8 44.
Rxf8+ Kxf8 45. Qg8# {Black checkmated} 1-0

[Event "ICC Open 2015"]
[Site "Internet Chess Club"]
[Date "2015.05.30"]
[Round "10"]
[White "nitishdas"]
[Black "eddington"]
[Result "0-1"]
[ICCResult "White resigns"]
[WhiteElo "1832"]
[BlackElo "2146"]
[Opening "QGD: Charousek (Petrosian) variation"]
[ECO "D31"]
[NIC "QO.05"]
[Time "16:01:39"]
[TimeControl "180+0"]

1. d4 d5 2. c4 e6 3. Nc3 Be7 4. cxd5 exd5 5. Bf4 c6 6. Nf3 Bf5 7. e3 Nf6 8.
Bd3 Bxd3 9. Qxd3 O-O 10. O-O-O Nbd7 11. h3 b5 12. g4 Nb6 13. Ne5 Rc8 14. h4
Nc4 15. h5 b4 16. g5 bxc3 17. Qxc3 Ne4 18. Qc2 Nxe5 19. Bxe5 Bxg5 20. h6 g6
21. f4 Be7 22. f5 Bg5 23. Qe2 c5 24. Kb1 c4 25. Rc1 Rb8 26. Bxb8 Qxb8 27.
fxg6 fxg6 28. Rhg1 Rf2 {White resigns} 0-1

[Event "ICC Open 2015"]
[Site "Internet Chess Club"]
[Date "2015.05.30"]
[Round "10"]
[White "VoltesV"]
[Black "emmas"]
[Result "1-0"]
[ICCResult "Black checkmated"]
[WhiteElo "1577"]
[BlackElo "1270"]
[Opening "QGD: Chigorin defense, Janowski variation"]
[ECO "D02"]
[NIC "QP.08"]
[Time "16:02:12"]
[TimeControl "180+0"]

1. d4 d5 2. Nf3 Nc6 3. c4 dxc4 4. Nc3 h6 5. h3 Nf6 6. e4 e6 7. a3 Be7 8.
Bxc4 O-O 9. O-O a6 10. b4 Bd7 11. Bb2 Nh7 12. Qb3 Ng5 13. Nxg5 Bxg5 14. f4
Bh4 15. Rad1 Ne7 16. d5 exd5 17. Nxd5 Nxd5 18. Bxd5 c6 19. Bc4 Qe7 20. e5
Bf5 21. g4 Be6 22. Bc1 Bxc4 23. Qxc4 Rad8 24. Qe4 Rxd1 25. Rxd1 Rd8 26. Rd3
Rxd3 27. Qxd3 Kf8 28. Be3 Ke8 29. Bc5 Qd7 30. Qxd7+ Kxd7 31. Kg2 Be7 32.
Bxe7 Kxe7 33. Kf3 Ke6 34. Ke4 g6 35. f5+ gxf5+ 36. gxf5+ Ke7 37. h4 f6 38.
a4 fxe5 39. Kxe5 h5 40. f6+ Kf7 41. Kf5 b6 42. Kg5 c5 43. a5 bxa5 44. bxc5
a4 45. c6 a3 46. c7 a2 47. c8=Q a1=Q 48. Qd7+ Kf8 49. Qe7+ Kg8 50. Qg7#
{Black checkmated}
1-0

[Event "ICC Open 2015"]
[Site "Internet Chess Club"]
[Date "2015.05.30"]
[Round "10"]
[White "Estocolmov"]
[Black "pierredams"]
[Result "1-0"]
[ICCResult "Black resigns"]
[WhiteElo "2247"]
[BlackElo "2014"]
[Opening "QGD Slav: Tolush-Geller gambit"]
[ECO "D15"]
[NIC "SL.03"]
[Time "16:01:35"]
[TimeControl "180+0"]

1. d4 c6 2. c4 d5 3. Nc3 Nf6 4. Nf3 dxc4 5. e4 b5 6. e5 Nd5 7. a4 e6 8. Ng5
h6 9. Qh5 Qd7 10. Qh3 Nxc3 11. bxc3 a6 12. Be2 Ra7 13. O-O Be7 14. Bf3 Bxg5
15. Bxg5 a5 16. Be3 Qc7 17. d5 cxd5 18. Qg3 g6 19. Bxa7 Qxa7 20. axb5 Bd7
21. Rfb1 Qb6 22. Qf4 g5 23. Qd4 Qxd4 24. cxd4 O-O 25. Rxa5 Rc8 26. Be2 c3
27. Rc1 Be8 28. Ra3 c2 29. Ra2 Nd7 30. Raxc2 Rb8 31. Rc8 Rxc8 32. Rxc8 Kf8
33. Kf1 Ke7 34. Ke1 f5 35. Kd2 f4 36. Kc3 Nb6 37. Rb8 Nd7 38. Ra8 Nb6 39.
Ra7+ Kd8 40. Kb4 Bd7 41. Kc5 Nc8 42. b6 {Black resigns} 1-0

[Event "ICC Open 2015"]
[Site "Internet Chess Club"]
[Date "2015.05.30"]
[Round "10"]
[White "Parsifal"]
[Black "triumphant1"]
[Result "1-0"]
[ICCResult "Black checkmated"]
[WhiteElo "2423"]
[BlackElo "2162"]
[Opening "Levitsky attack (Queen's bishop attack)"]
[ECO "D00"]
[NIC "QP.08"]
[Time "16:02:17"]
[TimeControl "180+0"]

1. d4 d5 2. Bg5 Bf5 3. e3 c6 4. Bd3 Qd7 5. Ne2 e6 6. c4 Bd6 7. Nbc3 Bxd3 8.
Qxd3 f6 9. Bh4 Ne7 10. e4 Ng6 11. Bg3 Bxg3 12. hxg3 dxc4 13. Qxc4 Qc7 14.
Qxe6+ Ne7 15. Nf4 Nd7 16. Ng6 Nf8 17. Nxf8 Kxf8 18. O-O-O Qc8 19. Qb3 g6 20.
d5 Kg7 21. d6 Ng8 22. d7 Qc7 23. Rd2 Nh6 24. Rhd1 Nf7 25. Kb1 Rad8 26. f4 h5
27. Qa3 a6 28. Qe7 h4 29. Rd6 hxg3 30. Qxf6+ Kf8 31. e5 Rh6 32. e6 g5 33.
e7+ Kg8 34. e8=Q+ Kh7 35. Qexf7# {Black checkmated} 1-0

[Event "ICC Open 2015"]
[Site "Internet Chess Club"]
[Date "2015.05.30"]
[Round "10"]
[White "golpeador"]
[Black "truufseir"]
[Result "1-0"]
[ICCResult "Black checkmated"]
[WhiteElo "2200"]
[BlackElo "1593"]
[Opening "Queen's pawn game"]
[ECO "D02"]
[NIC "QP.08"]
[Time "16:01:26"]
[TimeControl "180+0"]

1. d4 d5 2. Nf3 Bf5 3. Bf4 e6 4. e3 Nf6 5. c4 c6 6. Nc3 Bb4 7. Qb3 Na6 8. c5
Bxc3+ 9. bxc3 Qe7 10. Bd6 Qd7 11. Ne5 Qc8 12. f3 Nd7 13. Be2 Nxe5 14. dxe5
Nc7 15. c4 Kd7 16. cxd5 exd5 17. e4 Be6 18. Qb2 Rb8 19. O-O b5 20. f4 dxe4
21. f5 Bd5 22. e6+ Ke8 23. Qxg7 Nxe6 24. fxe6 Bxe6 25. Bxb8 Ke7 26. Bd6+ Kd7
27. Rxf7+ Bxf7 28. Qxf7+ Kd8 29. Qe7# {Black checkmated} 1-0

[Event "ICC Open 2015"]
[Site "Internet Chess Club"]
[Date "2015.05.30"]
[Round "10"]
[White "Kyekerz"]
[Black "HPG1947"]
[Result "0-1"]
[ICCResult "White forfeits on time"]
[WhiteElo "1276"]
[BlackElo "1722"]
[Opening "Caro-Kann: anti-Caro-Kann defense"]
[ECO "B10"]
[NIC "CK.01"]
[Time "16:01:17"]
[TimeControl "180+0"]

1. e4 c6 2. c4 e5 3. Nf3 d6 4. b3 f5 5. d3 Nf6 6. Bg5 Be7 7. Nh4 fxe4 8.
Bxf6 Bxf6 9. Qh5+ g6 10. Nxg6 hxg6 11. Qxg6+ Ke7 12. h4 Qg8 13. Qxe4 Qh7 14.
Qe2 Bf5 15. g4 Be6 16. g5 Bxg5 17. Bg2 Bf6 18. Be4 Qh5 19. Qc2 Nd7 20. Nd2
Nc5 21. Bf3 Qg6 22. O-O-O Qxd3 23. Qxd3 Nxd3+ 24. Kc2 Nxf2 25. h5 Nxd1 26.
Bxd1 Rag8 27. Ne4 Rg2+ 28. Kd3 Bf5 29. h6 d5 30. Ke3 Bxe4 31. h7 Rg7 32. Bf3
Bxf3 33. Kxf3 Rhxh7 34. cxd5 Rxh1 35. Ke3 Rh3+ 36. Ke4 Rg4+ 37. Kf5 Rf4+ 38.
Kg6 Rg3+ {White forfeits on time} 0-1

[Event "ICC Open 2015"]
[Site "Internet Chess Club"]
[Date "2015.05.30"]
[Round "10"]
[White "OptimusMagister"]
[Black "saya"]
[Result "1-0"]
[ICCResult "Black resigns"]
[WhiteElo "2349"]
[BlackElo "2530"]
[Opening "Dunst (Sleipner, Heinrichsen) opening"]
[ECO "A00"]
[NIC "VO.15"]
[Time "16:00:56"]
[TimeControl "180+0"]

1. Nc3 d5 2. e4 dxe4 3. Nxe4 Nf6 4. Nxf6+ exf6 5. Bc4 Bd6 6. Qe2+ Qe7 7.
Qxe7+ Kxe7 8. d4 Nd7 9. Ne2 Nb6 10. Bd3 Bd7 11. Bf4 Bxf4 12. Nxf4 g6 13.
O-O-O Rhe8 14. Rhe1+ Kf8 15. Kd2 Bc6 16. g3 Bd5 17. b3 c6 18. c4 Bf3 19.
Rxe8+ Rxe8 20. Re1 Rxe1 21. Kxe1 Ke7 22. Kd2 Nd7 23. Ke3 Bd1 24. Be4 f5 25.
Bg2 g5 26. Nd3 Bh5 27. b4 Nb6 28. Nb2 f6 29. a4 Bf7 30. Bf1 Nc8 31. Bd3 Bg6
32. c5 Kd7 33. b5 Ne7 34. Bc4 f4+ 35. gxf4 Nf5+ 36. Kd3 Nd6+ 37. Ke2 Ne4 38.
fxg5 fxg5 39. Ke3 Nc3 40. f3 Bf5 41. Kd2 Nb1+ 42. Kc1 Nc3 43. Kd2 Nb1+ 44.
Ke3 Nc3 45. bxc6+ bxc6 46. a5 h5 47. Nd3 Nd1+ 48. Kd2 Bxd3 49. Bxd3 Nf2 50.
Bf5+ Ke7 51. Ke2 Kf6 52. Bd7 Nh1 53. Bxc6 h4 54. Bd7 Ke7 55. Bg4 {Black
resigns} 1-0